 Dungeon Crawl Stone Soup version 0.27-a0-1324-ge0d8e047f6 (webtiles) character file.

Game seed: 2075163413741243337

277 Gwenloh the Chopper (level 6, -2/47 HPs)
             Began as a Palentonga Warper on June 23, 2021.
             Slain by Grinder (7 damage)
             ... on level 3 of the Dungeon.
             The game lasted 00:16:17 (4902 turns).

Gwenloh the Chopper (Palentonga Warper)             Turns: 4902, Time: 00:16:17

Health: -2/47      AC:  5    Str: 14    XL:     6   Next: 4%
Magic:  9/9        EV:  9    Int: 13    God:
Gold:   140        SH:  0    Dex: 12    Spells: 4/9 levels left

rFire    . . .     SeeInvis +   a - +0 hand axe
rCold    . . .     Faith    .   (no shield)
rNeg     . . .     Spirit   .   b - +0 leather armour
rPois    .         Reflect  .   k - +0 helmet
rElec    .         Harm     .   (no cloak)
rCorr    .         Rampage  .   (no gloves)
Will     .....                  (no barding)
Stlth    +.........             (no amulet)
HPRegen  0.15/turn              t - ring of wizardry
MPRegen  0.11/turn              (no ring)

@: no status effects
A: large, rugged brown scales 3, see invisible, deformed body, roll 1, armoured
tail
a: Rolling Charge


You were on level 3 of the Dungeon.
You visited 1 branch of the dungeon, and saw 4 of its levels.

You collected 140 gold pieces.

Inventory:

Hand Weapons
 a - a +0 hand axe (weapon)
Missiles
 d - 5 boomerangs of dispersal
 g - 139 stones (quivered)
 j - 25 bolts
 o - 9 arrows
Armour
 b - a +0 leather armour (worn)
 k - a +0 helmet (worn)
 q - a +0 ring mail
Jewellery
 t - a ring of wizardry (left hand)
Scrolls
 c - 2 scrolls of blinking
 f - a scroll of magic mapping {unknown}
 h - a scroll of teleportation {unknown}
 l - 3 scrolls of identify {unknown}
 n - a scroll of amnesia {unknown}
 p - a scroll of fog {unknown}
 s - 2 scrolls of acquirement {unknown}
Potions
 e - a potion of magic
 i - a potion of curing {unknown}
 m - a potion of lignification {unknown}
 r - a potion of attraction {unknown}


   Skills:
 - Level 2.0 Fighting
 * Level 6.4 Axes
 - Level 0.6 Throwing
 - Level 0.7 Armour
 - Level 1.5 Dodging
 - Level 2.0 Spellcasting
 - Level 3.0 Translocations


You had 4 spell levels left.
You knew the following spells:

 Your Spells              Type           Power      Damage    Failure   Level
a - Blink                 Tloc           N/A        N/A       6%          2
b - Gell's Gravitas       Tloc           4%         N/A       12%         3

Your spell library contained the following spells:

 Spells                   Type           Power      Damage    Failure   Level
 Lesser Beckoning         Tloc           4%         N/A       12%         3
 Teleport Other           Tloc           9%         N/A       12%         3
 Poisonous Vapours        Pois/Air       2%         N/A       19%         2
 Conjure Flame            Conj/Fire      1%         6-21      34%         3
 Mephitic Cloud           Conj/Pois/Air  1%         N/A       34%         3
 Manifold Assault         Tloc           9%         N/A       67%         5
 Freezing Cloud           Conj/Ice/Air   0%         6-21      96%         5


Dungeon Overview and Level Annotations

Branches:
Dungeon (4/15)
 Temple: D:4-7

Altars:
Qazlal
Trog

Annotations:
D:3 Grinder
D:4 Robin


Innate Abilities, Weirdness & Mutations

You are completely covered in rugged brown scales. (AC +3, +7% HP)
You have supernaturally acute eyesight. (SInv)
Armour fits poorly on your strangely shaped body.
You can roll at nearby foes to attack.
You have a long armoured tail.


Message History

There is a stone staircase leading up here.
Grinder gestures at you. Pain shoots through your body!
You climb upwards.
There is a stone staircase leading down here.
Unknown command.
Unknown command.
You barely miss Grinder.
Grinder is moderately wounded.
Grinder gestures at you. You resist with significant effort.
Casting: Blink (safe; 6% risk of failure)
Confirm with . or Enter, or press ? or * to list all spells.
You blink.
Grinder gestures at you. Pain shoots through your body!
Roll where?
Press: ? - help, Dir - move target, f - Grinder
Aim: Grinder, carrying a wand of flame (12) (moderately wounded)
You roll forward with a clatter of scales!
You slash Grinder!
Grinder is heavily wounded.
Grinder says, "Tell me all your secrets, or I'll kill you."
Grinder hits you.
Casting: Blink (safe; 6% risk of failure)
Confirm with . or Enter, or press ? or * to list all spells.
You blink.
There's nothing you can charge at!
Roll where?
Press: ? - help, Dir - move target, f/p - Grinder
Aim: Grinder, carrying a wand of flame (12) (heavily wounded)
You roll forward with a clatter of scales!
You slash Grinder!
Grinder is severely wounded.
Grinder hits you!
* * * LOW HITPOINT WARNING * * *
You writhe in agony.
* * * LOW HITPOINT WARNING * * *
It was a potion of magic.
Magic courses through your body. Grinder hits you!
You die...

######...........# #
.................# #####
.....#..#####+##.# #####....
.....##### #.##.#### #.....###
.........# #..#....# #.#...#≈≈
....####'#####.#....# #.#<#.#≈.
###........#
#.#○...#####.###.#≈>
#[.......###.#○.............'≈≈
#........'....@..........##.###
#........####.5..........##....
########## #..##........###...
#..##........# #...
##>##........# #...
####.....)..# #... #........#
#... #........# #... ##########
#...


You could see Grinder.

Vanquished Creatures
  A necrophage (D:4)
  Natasha (twice) (D:4 D:3)
  A hound skeleton (D:4)
  4 adders
  An adder skeleton (D:4)
  A dart slug (D:1)
  2 orcs (D:3)
  9 ball pythons
  11 bats
  10 endoplasms
  5 giant cockroaches
  9 goblins
  9 hobgoblins
  8 jackals
  4 kobolds
  3 quokkas (D:2)
  2 frilled lizards (D:1)
  3 rats
85 creatures vanquished.

Notes
Turn   | Place    | Note
-------+----------+-------------------------------------------
     0 | D:1      | Gwenloh the Palentonga Warper began the quest for the Orb.
     0 | D:1      | Reached XP level 1. HP: 17/17 MP: 3/3
   188 | D:1      | Reached XP level 2. HP: 23/23 MP: 5/5
   198 | D:1      | Learned a level 2 spell: Blink
   279 | D:1      | Reached skill level 3 in Axes
   668 | D:1      | Found a faded altar of an unknown god.
  1091 | D:1      | Reached XP level 3. HP: 14/28 MP: 1/6
  2182 | D:2      | Reached skill level 4 in Axes
  2390 | D:2      | Reached XP level 4. HP: 30/35 MP: 1/7
  3409 | D:3      | Reached skill level 5 in Axes
  3527 | D:3      | Found a bloodstained altar of Trog.
  3705 | D:4      | Noticed Natasha
  3708 | D:4      | Noticed a necrophage
  3991 | D:4      | Reached XP level 5. HP: 40/40 MP: 8/8
  4029 | D:4      | Found a stormy altar of Qazlal.
  4102 | D:4      | Learned a level 3 spell: Gell's Gravitas
  4187 | D:4      | Killed a necrophage
  4188 | D:4      | Reached skill level 6 in Axes
  4265 | D:4      | Killed Natasha
  4336 | D:4      | Noticed Robin
  4435 | D:4      | Noticed Natasha
  4556 | D:3      | Killed Natasha
  4557 | D:3      | Reached XP level 6. HP: 40/47 MP: 9/9
  4883 | D:4      | Noticed Grinder
  4902 | D:3      | Slain by Grinder

Illustrated notes

Levels and vault maps discovered:
D:1:      erik_arrival_triangle_medium, layout_basic, serial_rivers,
          chequers_serial_rivers_large_a, chequers_serial_rivers_small_b,
          chequers_serial_rivers_small_3, chequers_serial_rivers_small_3,
          chequers_ecumenical_altar_simple_redux, minmay_door_square
D:2:      layout_basic, minmay_split_cup_small
D:3:      layout_basic, general_overflow_altar
D:4:      layout_loops_cross, grunt_qazlal_sundering, temple_hall, uniq_grinder,
          uniq_robin, uniq_natasha

Skill      XL: |  1  2  3  4  5 |
---------------+----------------+-----
Axes           | 3 4 5 6 |  6.4
Fighting       | |  2.0
Throwing       | |  0.6
Armour         | |  0.7
Dodging        | |  1.5
Spellcasting   | |  2.0
Translocations | |  3.0

Action                   |  1- 3 |  4- 6 || total
-------------------------+-------+-------++-------
Melee: Hand axe          |   135 |   147 ||   282
       Tailslap          |    17 |    18 ||    35
Throw: Stone             |    12 |    26 ||    38
 Cast: Blink             |    22 |     7 ||    29
 Abil: Rolling Charge    |    45 |    35 ||    80
  Use: Potion            |       |     1 ||     1
Armor: Leather armour    |    49 |    52 ||   101
Dodge: Dodged            |    63 |    68 ||   131

Table legend: (Time is in decaauts)
 A = Elapsed time spent in this place.
 B = Non-inter-level travel time spent in this place.
 C = Inter-level travel time spent in this place.
 D = Time resting spent in this place.
 E = Time spent auto-exploring this place.
 F = Levels seen in this place.
 G = Mean time per level.
                   A        B        C        D        E       F      G
               +--------+--------+--------+--------+--------+-----+--------+
         Total |   4941 |   4794 |    147 |   1049 |   2789 |   4 | 1235.2 |
       Dungeon |   4941 |   4794 |    147 |   1049 |   2789 |   4 | 1235.2 |
               +--------+--------+--------+--------+--------+-----+--------+

Top non-repeatable levels by time:
     D:1: 1947 daAuts
     D:2: 1114 daAuts
     D:3: 998 daAuts
     D:4: 880 daAuts
